 Dungeon Sprint DCSS version 0.21-a0-434-g806c6c2 (webtiles) character file.

4220 theanonym the Severer (level 10, -7/90 HPs)
             Began as a Formicid Fighter on Nov 8, 2017.
             Was the Champion of Makhleb.
             Mangled by a guardian mummy (14 damage)
             ... in the Dungeon (Sprint V: "Ziggurat Sprint").
             The game lasted 00:08:25 (483 turns).

theanonym the Severer (Formicid Fighter)             Turns: 483, Time: 00:08:26

Health: -7/90      AC: 27    Str: 41    XL:     10   Next: 55%
Magic:  10/10      EV:  6    Int:  8    God:    Makhleb [******]
Gold:   0          SH: 30    Dex: 15    Spells: 9/9 levels left

rFire    . . .     SeeInvis +   a - +5 executioner's axe
rCold    . . .     Gourm    .   H - +18 shield of the Gong {rElec rN+ MR+ EV-5}
rNeg     + + .     Faith    .   G - +15 Maxwell's patent armour {-Cast -Tele rElec MR+ rCorr}
rPois    .         Spirit   .   (helmet unavailable)
rElec    +         Reflect  .   N - +0 cloak of Defence {rN+}
rCorr    +         Harm     .   (no gloves)
MR       +++..     NoCast   +   (no boots)
Stlth    ..........             (no amulet)
HPRegen  0.25/turn              D - +6 ring of strength
MPRegen  0.12/turn              E - +6 ring of strength

@: mighty, agile
A: permanent stasis, dig shafts and tunnels, four strong arms, antennae 3
a: Dig, Minor Destruction, Lesser Servant of Makhleb, Major Destruction, Greater
Servant of Makhleb, Renounce Religion


Innate Abilities, Weirdness & Mutations

You cannot be hasted, slowed, berserked, paralysed or teleported.
You can dig through walls and to a lower floor.
Your four strong arms can wield two-handed weapons with a shield.
You have a pair of large antennae on your head. (SInv)


   Skills:
 + Level 12.4 Fighting
 * Level 19.4 Axes
 - Level 3.2 Armour
 - Level 3.6 Shields


You had 9 spell levels left.
You didn't know any spells.

Skill      XL: |  1  2  3  4  5  6  7  8  9 10 |
---------------+-------------------------------+-----
Axes           | 7 9 12 14 16 18 19 | 19.4
Fighting       | 5 8 10 11 12 | 12.4
Armour         | |  3.2
Shields        | |  3.6

Action                   |  1- 3 |  4- 6 |  7- 9 | 10-12 || total
-------------------------+-------+-------+-------+-------++-------
Melee: Battleaxe         |     3 |     8 |    23 |       ||    34
       Executioner's axe |       |       |    21 |    20 ||    41
Evoke: Lamp of fire      |       |       |     1 |       ||     1
       Wand              |       |       |     1 |     3 ||     4
  Use: Potion            |     1 |       |       |     5 ||     6
Armor: Plate armour      |     2 |       |    23 |    49 ||    74
Dodge: Dodged            |       |       |     1 |     7 ||     8
Block: Shield            |     5 |     9 |    78 |    77 ||   169

Inventory:

Hand Weapons
 a - a +5 executioner's axe (weapon)
   (You found it in the Dungeon)
 b - the +7 longbow "Piercer" {penet, EV-2}
   (You found it in the Dungeon)

   Ammo fired by it will pass through the targets it hits, potentially hitting
   all targets in its path until it reaches maximum range.
   It affects your evasion (-2).
 F - the +9 heavy crossbow "Sniper" {velocity, Acc+∞ SInv}
   (You found it in the Dungeon)

   Any bolt fired from it inflicts extra damage.
   It lets you see invisible.
Missiles
 J - 1000 arrows
 K - 1000 bolts
Armour
 G - the +15 Maxwell's patent armour (worn) {-Cast -Tele rElec MR+ rCorr}
   (You found it in the Dungeon)

   It insulates you from electricity.
   It affects your resistance to hostile enchantments.
   It prevents spellcasting.
   It prevents most forms of teleportation.
   It protects you from acid and corrosion.
 H - the +18 shield of the Gong (worn) {rElec rN+ MR+ EV-5}
   (You found it in the Dungeon)

   It affects your evasion (-5).
   It insulates you from electricity.
   It protects you from negative energy.
   It affects your resistance to hostile enchantments.
 N - the +0 cloak of Defence (worn) {rN+}
   (You found it in the Dungeon)

   It protects you from negative energy.
Jewellery
 l - the ring of Wadammastri {rPois Dex+2}
   (You found it in the Dungeon)

   [ring of dexterity]

   It affects your dexterity (+2).
   It protects you from poison.
 D - a +6 ring of strength (left hand)
   (You found it in the Dungeon)
 E - a +6 ring of strength (right hand)
   (You found it in the Dungeon)
 L - the ring of Fedhas's Regard {rF+ Int+2}
   (You found it in the Dungeon)

   [ring of protection from fire]

   It affects your intelligence (+2).
   It protects you from fire.
 M - the ring of the Cockroach {*Corrode rC+ rN++ MP+9 Int+3}
   (You found it in the Dungeon)

   [ring of protection from cold]

   It affects your intelligence (+3).
   It protects you from cold.
   It greatly protects you from negative energy.
   It affects your magic capacity (+9).
   It may corrode you when you take damage.
Wands
 y - a wand of acid (5/15)
   (You found it in the Dungeon)
 A - a wand of disintegration (7/24)
   (You found it in the Dungeon)
 B - a wand of iceblast (1/15)
   (You found it in the Dungeon)
 C - a wand of lightning (5/15)
   (You found it in the Dungeon)
Scrolls
 c - 4 scrolls of amnesia
 f - 7 scrolls of fog {!r}
 j - 2 scrolls of fear {!r}
 n - a scroll of holy word
 o - 3 scrolls of recharging
 p - 5 scrolls of remove curse
 r - 5 scrolls of identify
 I - 3 scrolls of blinking
Potions
 d - 5 potions of might
 e - 10 potions of curing
 i - 7 potions of magic
 q - 7 potions of heal wounds
 s - 4 potions of agility
 t - 2 potions of berserk rage
 u - 2 potions of brilliance
 w - 5 potions of haste
 x - 2 potions of invisibility
 z - 4 potions of resistance
Miscellaneous
 g - a fan of gales
   (You found it in the Dungeon)
 v - a lamp of fire
   (You found it in the Dungeon)
Comestibles
 h - 4 meat rations
 k - 5 bread rations
 m - 42 fruits

Dungeon Overview and Level Annotations

Branches:
Dungeon (1/1)

Altars:
Ashenzari
Cheibriados
Dithmenos
Elyvilon
Fedhas
Gozag
Hepliaklqana
Kikubaaqudgha
Makhleb
Nemelex Xobeh
Okawaru
Qazlal
Ru
Sif Muna
Trog
Uskayaw
Vehumet
Wu Jian
Xom
Yredelemnul
Zin
The Shining One
Beogh
Jiyva
Lugonu

Annotations:
D 1 transporter You were in the Dungeon. You worshipped Makhleb. Makhleb was exalted by your worship. You were not hungry. You visited 1 branch


Message History

PTOANNNG!
The jiangshi claws you but does no damage.
The guardian mummy hits you but does no damage.
The quokka skeleton bites you but does no damage.
You regained 18 hp, and now have 51/89 hp.
You feel very mighty all of a sudden.
The spectral bat hits you but does no damage. x2
You block the jiangshi's attack.
PANG!
The jiangshi claws you but does no damage.
You block the adder zombie's attack.
PANG!
The guardian mummy hits you but does no damage. x2
You block the jiangshi's attack.
PTOANNNG!
The jiangshi completely misses you. You block the guardian mummy's attack.
GONNNNG!
The quokka skeleton bites you but does no damage.
You feel agile all of a sudden. You block the adder zombie's attack.
GONNNNG!
The jiangshi claws you but does no damage.
You block the jiangshi's attack.
BOUMMMMG!
You block the flying skull's attack.
GONNNNG!
The guardian mummy hits you!
* * * LOW HITPOINT WARNING * * *
The guardian mummy hits you but does no damage.
The quokka skeleton bites you but does no damage.
You block the jiangshi's attack.
GONNNNG!
The jiangshi claws you!
* * * LOW HITPOINT WARNING * * *
You block the adder zombie's attack.
PTOANNNG!
You take 32 damage, and have 20/89 hp.
MASSIVE DAMAGE!!
You feel much better. You block the flying skull's attack.
GONNNNG!
You block the jiangshi's attack.
BOUMMMMG!
You block the jiangshi's attack.
SHROANNG!
The flying skull barely misses you.
The guardian mummy completely misses you.
The quokka skeleton bites you but does no damage.
The guardian mummy hits you but does no damage.
You regained 14 hp, and now have 34/89 hp.
You slice the guardian mummy!! You slice the adder zombie!!
You destroy the adder zombie!
You slice the flying skull!!
You destroy the flying skull!
You completely miss the guardian mummy. You hit the guardian mummy.
You closely miss the quokka skeleton. You slash the jiangshi!
You block the spectral bat's attack.
PTOANNNG!
You block the jiangshi's attack.
GONNNNG!
The jiangshi claws you.
* * * LOW HITPOINT WARNING * * *
The spectral bat hits you but does no damage.
The jiangshi claws you but does no damage. x3
You block the jiangshi's attack.
GONNNNG!
The quokka skeleton barely misses you. You block the guardian mummy's attack.
SHROANNG!
The guardian mummy hits you.
* * * LOW HITPOINT WARNING * * *
The jiangshi claws you but does no damage.
The jiangshi claws you!
* * * LOW HITPOINT WARNING * * *
The jiangshi draws strength from your injuries!
You take 18 damage, and have 16/89 hp.
MASSIVE DAMAGE!!
You slice the guardian mummy like a ripe choko!!!
You destroy the guardian mummy!
Makhleb accepts your kill.
You feel better.
You feel extremely nervous for a moment...
Your stasis prevents you from being slowed.
You feel horribly lethargic.
Your life force feels restored.
You slice the jiangshi!! You slice the quokka skeleton!!
You destroy the quokka skeleton!
You hit the guardian mummy. You slice the guardian mummy!!
Your Maxwell's patent armour prevents you from hitting the wraith.
You slash the jiangshi! You block the death scarab's attack.
GONNNNG!
The jiangshi claws you but does no damage.
You block the jiangshi's attack.
GONNNNG!
You block the guardian mummy's attack.
BOUMMMMG!
You block the wraith's attack.
GONNNNG!
The jiangshi claws you!
* * * LOW HITPOINT WARNING * * *
The jiangshi claws you.
* * * LOW HITPOINT WARNING * * *
The guardian mummy hits you!
You die...

▓..(†(.).▓.▓....▓.▓
▓...©....▓...©....▓
▓▓▓▓▓▓▓▓▓▓▓▓▓▓▓▓▓▓▓
▓...8©8...▓..8©8..▓
▓..=:[)...▓..."}..▓
▓...:[)...▓..=)...▓
▓.........▓.......▓
▓..MVW....▓.......▓
▓..V@MZ...▓...)...▓
▓.s..M....▓...|)..▓
▓.▓.....▓.▓.▓..[▓.▓
▓....©....▓...©...▓
▓▓▓▓▓▓▓▓▓▓▓▓▓▓▓▓▓▓▓
▓..8©8..▓


{{{{{ ▓.......▓ {{{ ▓..)|[..▓ ▓.......▓ You could see a mummy priest, 2
jiangshi, 2 guardian mummies, a spectral bat, a wraith and a death scarab.

Notes
Turn   | Place    | Note
-------+----------+-------------------------------------------
     0 | D        | Found the +6 Majin-Bo {vamp, Archmagi MP+6 Int+6}
     0 | D        | Found the +7 great mace "Firestarter" {inner flame, rF++}
     0 | D        | theanonym the Formicid Fighter began the quest for the Orb.
     0 | D        | Reached XP level 1. HP: 18/18 MP: 1/1
     0 | D        | Found a blossoming altar of Fedhas.
     1 | D        | Found a viscous altar of Jiyva.
     1 | D        | Found a hazy altar of Hepliaklqana.
     1 | D        | Found a transporter.
     1 | D        | Found an opulent altar of Gozag.
     1 | D        | Found an ancient bone altar of Kikubaaqudgha.
     1 | D        | Found a corrupted altar of Lugonu.
    22 | D        | Found a burning altar of Makhleb.
    23 | D        | Found a sacrificial altar of Ru.
    23 | D        | Found a stormy altar of Qazlal.
    23 | D        | Found a deep blue altar of Sif Muna.
    23 | D        | Found an iron altar of Okawaru.
    23 | D        | Found a bloodstained altar of Trog.
    23 | D        | Found a sparkling altar of Nemelex Xobeh.
    45 | D        | Found the +9 heavy crossbow "Sniper" {velocity, Acc+∞ SInv}
    45 | D        | Found the +10 dark maul {crush}
    45 | D        | Found the +15 Maxwell's patent armour {-Cast -Tele rElec MR+ rCorr}
    45 | D        | Found the +18 shield of the Gong {rElec rN+ MR+ EV-5}
    45 | D        | Found the cursed +14 obsidian axe {chop, +Fly SInv *Curse}
    47 | D        | Found the +6 shillelagh "Devastator" {shatter}
    47 | D        | Found the +11 plutonium sword {*Contam Stlth-}
    47 | D        | Found the +8 lance "Wyrmbane" {slay drac, rPois rF+ rC+ AC+3}
    47 | D        | Found the +9 sword of Zonguldrok {reap}
    47 | D        | Found the cursed +13 scythe of Curses {drain, *Curse}
    47 | D        | Found the +0 sword of Power
    47 | D        | Found the +11 mace of Variability {chaos}
    47 | D        | Found the +7 Singing Sword
    47 | D        | Found the +7 longbow "Piercer" {penet, EV-2}
    50 | D        | Became a worshipper of Makhleb the Destroyer
    75 | D        | Reached skill level 7 in Axes
    75 | D        | Reached XP level 2. HP: 24/24 MP: 2/2
    79 | D        | Entered arena 2.
    79 | D        | Noticed a centaur
    79 | D        | Noticed a yaktaur
    79 | D        | Found a transporter.
    83 | D        | Killed a centaur
    83 | D        | Reached skill level 5 in Fighting
    83 | D        | Reached skill level 9 in Axes
    83 | D        | Reached XP level 3. HP: 33/33 MP: 3/3
    83 | D        | Reached XP level 4. HP: 39/39 MP: 4/4
    86 | D        | Killed a yaktaur
    86 | D        | Reached skill level 8 in Fighting
    86 | D        | Reached skill level 12 in Axes
    86 | D        | Reached XP level 5. HP: 50/50 MP: 5/5
    86 | D        | Reached XP level 6. HP: 57/57 MP: 6/6
    92 | D        | Entered arena 3.
    92 | D        | Found a transporter.
    97 | D        | Reached * piety under Makhleb
    99 | D        | Reached ** piety under Makhleb
    99 | D        | Reached XP level 7. HP: 63/63 MP: 7/7
   104 | D        | Got the ring of Wadammastri {rPois Dex+2}
   108 | D        | Entered arena 4.
   108 | D        | Found a transporter.
   119 | D        | Reached *** piety under Makhleb
   123 | D        | Got the ring of Fedhas's Regard {rF+ Int+2}
   125 | D        | Entered arena 5.
   125 | D        | Noticed a deep elf archer
   125 | D        | Noticed a white ugly thing
   125 | D        | Noticed a deep elf knight
   125 | D        | Noticed a cyclops
   125 | D        | Found a transporter.
   135 | D        | Killed a white ugly thing
   135 | D        | Reached skill level 10 in Fighting
   135 | D        | Reached skill level 14 in Axes
   135 | D        | Reached XP level 8. HP: 72/72 MP: 8/8
   139 | D        | Killed a deep elf knight
   139 | D        | Reached skill level 15 in Axes
   141 | D        | HP: 35/72 [deep elf archer/arrow (14)]
   142 | D        | Killed a cyclops
   142 | D        | Reached skill level 16 in Axes
   142 | D        | Reached XP level 9. HP: 48/78 MP: 9/9
   147 | D        | Killed a deep elf archer
   147 | D        | Reached **** piety under Makhleb
   147 | D        | Reached skill level 17 in Axes
   258 | D        | Entered arena 6.
   258 | D        | Found a transporter.
   259 | D        | Found the +10 Black Knight's horse barding {ponderous, rPois rN+}
   270 | D        | Reached skill level 18 in Axes
   410 | D        | Entered arena 7.
   410 | D        | Noticed Sigmund
   410 | D        | Noticed Jessica
   410 | D        | Noticed Blork the orc
   410 | D        | Noticed Crazy Yiuf
   410 | D        | Noticed Dowan
   410 | D        | Noticed Duvessa
   413 | D        | Found a transporter.
   415 | D        | Killed Crazy Yiuf
   419 | D        | Killed Blork the orc
   419 | D        | Reached ***** piety under Makhleb
   421 | D        | Killed Duvessa
   421 | D        | Reached skill level 11 in Fighting
   425 | D        | Killed Jessica
   425 | D        | Killed Dowan
   425 | D        | Reached XP level 10. HP: 87/87 MP: 10/10
   426 | D        | Killed Sigmund
   435 | D        | Entered arena 8.
   439 | D        | Found a transporter.
   452 | D        | Reached ****** piety under Makhleb
   452 | D        | Reached skill level 12 in Fighting
   452 | D        | Reached skill level 19 in Axes
   460 | D        | Got the ring of the Cockroach {*Corrode rC+ rN++ MP+9 Int+3}
   462 | D        | Got the +0 cloak of Defence {rN+}
   469 | D        | Entered arena 9.
   469 | D        | Noticed a mummy priest
   469 | D        | Noticed a death scarab
   470 | D        | Noticed a jiangshi
   470 | D        | Found a transporter.
   475 | D        | HP: 38/89 [guardian mummy (8)]
   478 | D        | Noticed a jiangshi
   480 | D        | HP: 35/89 [guardian mummy (17)]
   482 | D        | HP: 16/89 [jiangshi[a mummy priest] (9)]
   483 | D        | HP: 7/90 [jiangshi[a mummy priest] (5)]
   483 | D        | Mangled by a guardian mummy

Vanquished Creatures
  A deep elf knight (D)
  A deep elf archer (D)
  An ugly thing (D)
  A cyclops (D)
  A yaktaur (D)
  A guardian mummy (D)
  3 merfolk (D)
  2 hippogriffs (D)
  Sigmund (D)
  2 air elementals (D)
  Duvessa (D)
  2 centaurs (D)
  Blork the orc (D)
  Dowan (D)
  A crimson imp (D)
  An iron imp (D)
  Crazy Yiuf (D)
  Jessica (D)
  A mummy (D)
  3 shadow imps (D)
  An ufetubus (D)
  2 adder skeletons (D)
30 creatures vanquished.

Vanquished Creatures (others)
  3 insubstantial wisps (D)
3 creatures vanquished.

Grand Total: 33 creatures vanquished
